 Dungeon Crawl Stone Soup version 0.28-a0-239-g68911e0c57 (webtiles) character file.

Game seed: 16795719959919321114

25081 Colgate the Cleaver (level 13, -3/70 HPs)
             Began as a Vine Stalker Berserker on Aug 23, 2021.
             Was an Elder of Trog.
             Splashed by an oklob plant's acid (7 damage)
             ... on level 4 of the Lair of Beasts.
             The game lasted 00:07:54 (12879 turns).

Colgate the Cleaver (Vine Stalker Berserker)       Turns: 12879, Time: 00:07:54

Health: -3/70      AC:  1    Str: 24    XL:     13   Next: 17%
Magic:  0/14       EV: 10    Int:  9    God:    Trog [****..]
Gold:   1337       SH:  6    Dex: 24    Spells: 12/12 levels left

rFire   + . .      SeeInvis .   z - +6 war axe of Boegrar {flame, +Rage rPois Int+2 Dex-3}
rCold   . . .      Faith    .   i - +0 buckler {rF+}
rNeg    . . .      Spirit   +   b - +0 plate armour
rPois   +          Reflect  .   g - +0 helmet
rElec   .          Harm     .   u - +0 cloak
rCorr   .          Rampage  .   (no gloves)
Will    +....                   v - +0 pair of boots
Stlth   ..........              h - amulet of regeneration
HPRegen 2.21/turn               n - +6 ring of dexterity
MPRegen 0.14/turn               p - +6 ring of dexterity

@: corroded, on berserk cooldown
A: fangs 3, regeneration 1, magic shield, antimagic bite, no potion heal 2
a: Renounce Religion, Evoke Berserk Rage, Berserk, Trog's Hand, Brothers in Arms


You were on level 4 of the Lair of Beasts.
You worshipped Trog.
Trog was greatly pleased with you.
You visited 2 branches of the dungeon, and saw 14 of its levels.

You collected 1695 gold pieces.
You spent 358 gold pieces at shops.


Innate Abilities, Weirdness & Mutations

You have razor-sharp teeth.
Your natural rate of healing is unusually fast.
When hurt, damage is shared between your health and your magic reserves.
Your bite disrupts and absorbs the magic of your enemies.
Potions cannot restore your health.


   Skills:
 - Level 9.1 Fighting
 - Level 14.0 Axes
 + Level 7.2 Armour
 - Level 5.3 Dodging
 - Level 4.1 Shields
 - Level 4.7 Evocations


You had 12 spell levels left.
You didn't know any spells.
Your spell library was empty.

Inventory:

Hand Weapons
 y - a +4 broad axe
 z - the +6 war axe of Boegrar (weapon) {flame, +Rage rPois Int+2 Dex-3}
   (You acquired it on level 3 of the Lair of Beasts)

   It burns those it strikes, dealing additional fire damage.
   Big, fiery blades are also staple armaments of hydra-hunters.
   Int:       It affects your intelligence (+2).
   Dex:       It affects your dexterity (-3).
   rPois:     It protects you from poison.
   +Rage:     It lets you go berserk.
Armour
 b - a +0 plate armour (worn)
 c - a +2 buckler
 g - a +0 helmet (worn)
 i - a +0 buckler of fire resistance (worn)
 u - a +0 cloak (worn)
 v - a +0 pair of boots (worn)
Jewellery
 h - an amulet of regeneration (around neck)
 n - a +6 ring of dexterity (left hand)
 o - a ring of ice
 p - a +6 ring of dexterity (right hand)
 q - a ring of fire
 t - a ring of poison resistance
Wands
 f - a wand of digging (11)
Scrolls
 a - a scroll of enchant weapon
 j - 7 scrolls of identify
 l - 4 scrolls of teleportation
Potions
 d - a potion of heal wounds
 e - 2 potions of curing
 k - 6 potions of haste
 m - 2 potions of resistance
 r - 3 potions of might
 s - 2 potions of mutation

Dungeon Overview and Level Annotations

Branches:
Dungeon (10/15)            Temple (0/1) D:6            Lair (4/6) D:10
  Swamp (0/4) Lair:3        Snake (0/4) Lair:2
    Orc: D:9-12

Altars:
Dithmenos
Elyvilon
Hepliaklqana
Trog
Wu Jian
Beogh

Shops:
D:8 ?   D:10 ?

Annotations:
D:6 2 runed translucent doors, philipeq's ghost, novice DsFi
D:7 2 transporters, jeb's ghost, novice HOFi


Message History

The oklob plant spits acid at you.
The splash of acid hits you but does no damage.
The acid corrodes you!
You are splashed with acid!
12845 ||| INVOKING Berserk.
A red film seems to cover your vision as you go berserk!
You feel yourself moving faster!
You feel mighty!
You feel a strong urge to attack something.
You feel your anger nearly subside.
You are no longer berserk.
You are exhausted.
You feel yourself slow down. The oklob plant spits acid at you.
The splash of acid misses you.
HP restored.
The oklob plant spits acid at you. The splash of acid misses you.
You are no longer corroded.
The oklob plant spits acid at you. The splash of acid hits you.
The acid corrodes you!
You are splashed with acid!
The oklob plant spits acid at you. The splash of acid hits you.
The acid corrodes you!
You are splashed with acid!
The oklob plant spits acid at you. The splash of acid misses you.
The oklob plant spits acid at you. The splash of acid hits you!
The acid corrodes you!
You are splashed with acid.
The oklob plant spits acid at you. The splash of acid misses you.
The oklob plant spits acid at you. The splash of acid hits you!
You are splashed with acid!
The oklob plant spits acid at you. The splash of acid hits you.
You are splashed with acid!
The oklob plant spits acid at you. The splash of acid hits you!
You are splashed with acid!
The oklob plant spits acid at you. The splash of acid hits you!
You are splashed with acid!
You feel yourself speed up. The oklob plant spits acid at you.
The splash of acid hits you! The acid corrodes you!
You are splashed with acid!
The oklob plant spits acid at you. The splash of acid hits you.
The acid corrodes you!
You are splashed with acid!
You die...

.... .#..... ## #......#
##.# ..#......###...##
................
........#..$. .P
#.........PPP...#.
###......@PPP[.....#.....
###.P.......PPP......P.#..##
.............)..............
........(...................
............................
...............(............
####........................
#......##.#.##P..Y.......
##.....##.%..##...Y.##..#


You could see an oklob plant.

Vanquished Creatures
  Harold (D:9)
  Fannar (Lair:2)
  2 hydras
  2 catoblepae
  Erica (Lair:2)
  2 two-headed ogres
  A bog body (Lair:3)
  Pikel (D:4)
  A lindwurm (Lair:3)
  An elephant (Lair:3)
  Joseph (D:9)
  6 cane toads
  2 rime drakes
  A komodo dragon (Lair:2)
  2 trolls
  A polar bear (Lair:3)
  A hornet (D:8)
  A blink frog (Lair:2)
  A dream sheep (Lair:3)
  Grinder (D:6)
  A wraith (D:10)
  3 wyverns
  4 basilisks
  18 yaks
  A steam dragon (D:8)
  4 nagas (Lair:2)
  5 water moccasins
  A sky beast (D:4)
  5 black bears
  An orc warrior (D:10)
  An ice beast (D:9)
  4 necrophages
  15 wolves
  3 lemures (D:4)
  2 phantoms
  5 kobold brigands
  12 bullfrogs
  2 gnoll sergeants
  6 scorpions
  A water moccasin skeleton (D:6)
  2 electric eels
  3 centaur zombies
  4 orc priests
  A gnoll shaman (D:4)
  2 hounds (D:5)
  3 jellies
  2 bullfrog skeletons
  A centaur skeleton (D:6)
  5 iguanas
  An orc wizard (D:10)
  4 hell rats (Lair:2)
  A hound zombie (D:5)
  A hound skeleton (D:4)
  A howler monkey zombie (D:8)
  Robin (D:2)
  17 gnolls
  4 adders
  5 white imps
  An ufetubus (D:6)
  6 worms
  2 dart slugs (D:4)
  32 orcs
  3 bats
  4 endoplasms
  6 giant cockroaches
  15 goblins
  10 hobgoblins
  6 jackals
  3 quokkas
  8 ball pythons
  4 frilled lizards
  23 kobolds
  4 rats
309 creatures vanquished.

Vanquished Creatures (collateral kills)
  2 hydras
  A boulder beetle (Lair:3)
  A death yak (Lair:3)
  An oklob plant (Lair:2)
  A komodo dragon (Lair:2)
  4 yaks (Lair:3)
  A water moccasin (Lair:2)
  2 wolves (Lair:3)
13 creatures vanquished.

Vanquished Creatures (others)
  10 fungi
  6 plants
16 creatures vanquished.

Grand Total: 338 creatures vanquished

Notes
Turn   | Place    | Note
-------+----------+-------------------------------------------
     0 | D:1      | Colgate the Vine Stalker Berserker began the quest for the
                  | Orb.
     0 | D:1      | Reached XP level 1. HP: 11/11 MP: 2/2
     0 | D:1      | 0 ||| counter = 35
   211 | D:1      | Reached XP level 2. HP: 16/16 MP: 3/3
   217 | D:1      | Reached skill level 3 in Axes
   217 | D:1      | Reached skill level 1 in Evocations
   721 | D:1      | 721 ||| READING scroll labelled PIAXEL MOFEYSI.
   722 | D:1      | 722 ||| DRINKING 2 metallic emerald potions.
   863 | D:2      | Reached XP level 3. HP: 11/19 MP: 4/4
  1076 | D:2      | 1076 ||| INVOKING Berserk.
  1146 | D:2      | Found a shadowy altar of Dithmenos.
  1186 | D:2      | Noticed Robin
  1194 | D:2      | 1194 ||| INVOKING Berserk.
  1195 | D:2      | 1195 ||| INVOKING Berserk.
  1195 | D:2      | HP: 6/28 [goblin[Robin] (2)]
  1197 | D:2      | Reached ** piety under Trog
  1202 | D:2      | Killed Robin
  1203 | D:2      | Reached skill level 4 in Axes
  1203 | D:2      | Gained mutation: Your natural rate of healing is unusually
                  | fast. [Vine Stalker growth]
  1203 | D:2      | Reached XP level 4. HP: 5/23 MP: 2/5
  1738 | D:2      | 1738 ||| UPGRADING to +0 helmet.
  1743 | D:2      | 1743 ||| UPGRADING to +0 ring mail.
  1753 | D:2      | 1753 ||| DROPPING +0 animal skin.
  1754 | D:2      | 1754 ||| READING scroll labelled QEANNE TEIRUMO.
  1755 | D:2      | 1755 ||| READING scroll labelled RELLAPSANY.
  1756 | D:2      | 1756 ||| READING scroll labelled ERI NILUGOOC.
  2088 | D:3      | Found a faded altar of an unknown god.
  2335 | D:3      | 2335 ||| INVOKING Berserk.
  2341 | D:3      | Reached XP level 5. HP: 27/27 MP: 6/6
  2463 | D:3      | Reached skill level 5 in Axes
  2592 | D:3      | 2592 ||| UPGRADING to +0 plate armour.
  2602 | D:3      | 2602 ||| DROPPING +0 ring mail.
  2603 | D:3      | 2603 ||| READING scroll labelled MUISTANOPI.
  2604 | D:3      | 2604 ||| DRINKING 2 purple potions.
  2605 | D:3      | 2605 ||| READING 3 scrolls of identify.
  2605 | D:3      | 2605 ||| IDENTIFYING bubbling green potion
  2606 | D:3      | 2606 ||| DROPPING potion of flight.
  2681 | D:4      | 2681 ||| INVOKING Berserk.
  2683 | D:4      | Noticed a sky beast
  2692 | D:4      | Killed a sky beast
  2693 | D:4      | Reached XP level 6. HP: 32/32 MP: 7/7
  2733 | D:4      | Reached *** piety under Trog
  2762 | D:4      | 2762 ||| INVOKING Berserk.
  2767 | D:4      | Reached skill level 6 in Axes
  2794 | D:4      | 2794 ||| DROPPING +0 mace.
  2816 | D:4      | Reached skill level 3 in Fighting
  2837 | D:4      | Reached XP level 7. HP: 35/36 MP: 8/8
  2951 | D:4      | Noticed Pikel
  3013 | D:4      | 3013 ||| INVOKING Berserk.
  3025 | D:4      | Killed Pikel
  3026 | D:4      | Reached skill level 8 in Axes
  3026 | D:4      | Gained mutation: You have razor-sharp teeth. [Vine Stalker
                  | growth]
  3026 | D:4      | Reached XP level 8. HP: 35/40 MP: 5/9
  3088 | D:4      | 3088 ||| INVOKING Berserk.
  3331 | D:4      | Identified the +3 short sword "Pugu" {freeze, rN++ Will+
                  | Str+3 Stlth+}
  3439 | D:4      | 3439 ||| READING 2 scrolls labelled ASCHIV SEBYIZAFF.
  3440 | D:4      | 3440 ||| READING scroll of enchant weapon.
  3440 | D:4      | 3440 ||| ENCHANTING +1 hand axe.
  3463 | D:5      | Entered Level 5 of the Dungeon
  4077 | D:5      | Reached skill level 3 in Armour
  4361 | D:5      | Found a white marble altar of Elyvilon.
  4546 | D:5      | 4546 ||| DROPPING amulet of the acrobat.
  4547 | D:5      | 4547 ||| READING scroll labelled LEHOXYLLUSAQ.
  4594 | D:5      | 4594 ||| READING 2 scrolls labelled XIDGHO JONACH.
  4617 | D:5      | 4617 ||| READING 2 scrolls of identify.
  4617 | D:5      | 4617 ||| IDENTIFYING viscous white potion
  4618 | D:5      | 4618 ||| DROPPING potion of degeneration.
  4634 | D:6      | 4634 ||| STAIRDANCE
  4773 | D:6      | Found a staircase to the Ecumenical Temple.
  4831 | D:6      | 4831 ||| INVOKING Berserk.
  4979 | D:6      | Reached skill level 3 in Evocations
  5098 | D:6      | 5098 ||| INVOKING Berserk.
  5118 | D:6      | Reached skill level 9 in Axes
  5118 | D:6      | Reached XP level 9. HP: 44/45 MP: 7/10
  5185 | D:6      | Identified the -3 cloak of the Game of Life {Str+4}
  5197 | D:6      | Found a large runed translucent door.
  5198 | D:6      | Found a large runed translucent door.
  5200 | D:6      | Noticed philipeq's ghost (novice DsFi)
  5466 | D:6      | Noticed Grinder
  5467 | D:6      | 5467 ||| INVOKING Trog's Hand.
  5476 | D:6      | Killed Grinder
  5597 | D:6      | 5597 ||| UPGRADING to +2 buckler.
  5602 | D:6      | 5602 ||| UPGRADING to -3 cloak of the Game of Life {Str+4}.
  5607 | D:6      | 5607 ||| UPGRADING to amulet of regeneration.
  5612 | D:6      | 5612 ||| UPGRADING to +6 ring of dexterity.
  5613 | D:6      | 5613 ||| READING 3 scrolls labelled PIKURUELACS.
  5614 | D:6      | 5614 ||| DROPPING 2 scrolls of magic mapping.
  5660 | D:7      | Found Puinlab's Gadget Gallery.
  5687 | D:7      | Reached skill level 1 in Shields
  5764 | D:7      | Found a transporter.
  5766 | D:7      | Found a transporter.
  5767 | D:7      | Noticed jeb's ghost (novice HOFi)
  5769 | D:7      | Identified the +3 dire flail "Conservator" {venom, rN+
                  | rCorr Dex+3 Stlth+}
  5793 | D:7      | Reached **** piety under Trog
  5833 | D:7      | 5833 ||| INVOKING Berserk.
  5927 | D:7      | Reached skill level 3 in Shields
  6025 | D:7      | 6025 ||| STAIRDANCE
  6068 | D:6      | 6068 ||| READING 2 scrolls of identify.
  6068 | D:6      | 6068 ||| IDENTIFYING cyan potion
  6069 | D:6      | 6069 ||| DROPPING wand of paralysis (8).
  6083 | D:7      | 6083 ||| STAIRDANCE
  6117 | D:7      | 6117 ||| STAIRDANCE
  6151 | D:7      | 6151 ||| STAIRDANCE
  6311 | D:8      | 6311 ||| STAIRDANCE
  6322 | D:8      | 6322 ||| STAIRDANCE
  6343 | D:8      | 6343 ||| STAIRDANCE
  6352 | D:8      | 6352 ||| STAIRDANCE
  6360 | D:8      | 6360 ||| STAIRDANCE
  6367 | D:8      | 6367 ||| STAIRDANCE
  6374 | D:8      | 6374 ||| STAIRDANCE
  6386 | D:7      | Reached skill level 3 in Dodging
  6404 | D:7      | 6404 ||| UPGRADING to +0 buckler of fire resistance.
  6441 | D:8      | 6441 ||| INVOKING Berserk.
  6501 | D:8      | Noticed a hornet
  6509 | D:8      | 6509 ||| INVOKING Berserk.
  6509 | D:8      | HP: 10/70 [hornet (8)]
  6510 | D:8      | Killed a hornet
  6514 | D:8      | HP: 7/47 [poisoned by a hornet]
  6714 | D:8      | Reached XP level 10. HP: 51/51 MP: 11/11
  6716 | D:8      | Reached ***** piety under Trog
  6764 | D:8      | 6764 ||| INVOKING Berserk.
  6770 | D:8      | Reached skill level 10 in Axes
  6987 | D:8      | Found Vetocar's Magic Scroll Emporium.
  6995 | D:8      | 6995 ||| BUYING scroll of identify (28 gold).
  6995 | D:8      | Bought a scroll of identify for 28 gold pieces
  6995 | D:8      | 6995 ||| BUYING scroll of identify (28 gold).
  6995 | D:8      | Bought a scroll of identify for 28 gold pieces
  6995 | D:8      | 6995 ||| BUYING scroll of identify (28 gold).
  6995 | D:8      | Bought a scroll of identify for 28 gold pieces
  6995 | D:8      | 6995 ||| BUYING scroll of identify (28 gold).
  6995 | D:8      | Bought a scroll of identify for 28 gold pieces
  7185 | D:8      | 7185 ||| READING scroll labelled MIUMID WYMUUR.
  7186 | D:8      | 7186 ||| READING scroll labelled OSAUCEENUT.
  7187 | D:8      | 7187 ||| READING 6 scrolls of identify.
  7187 | D:8      | 7187 ||| IDENTIFYING orange potion
  7188 | D:8      | 7188 ||| READING 5 scrolls of identify.
  7188 | D:8      | 7188 ||| IDENTIFYING sedimented black potion
  7189 | D:8      | 7189 ||| READING 4 scrolls of identify.
  7189 | D:8      | 7189 ||| IDENTIFYING coppery potion
  7190 | D:8      | 7190 ||| DROPPING potion of brilliance.
  7428 | D:9      | Noticed Harold
  7446 | D:9      | 7446 ||| INVOKING Berserk.
  7455 | D:9      | Killed Harold
  7456 | D:9      | Reached skill level 6 in Fighting
  7599 | D:9      | Noticed a two-headed ogre
  7602 | D:9      | 7602 ||| INVOKING Berserk.
  7607 | D:9      | Killed a two-headed ogre
  7647 | D:9      | 7647 ||| Stepping ~*~*~tactically~*~*~ (water).
  7650 | D:9      | 7650 ||| INVOKING Berserk.
  7702 | D:9      | Noticed a seven-headed hydra
  7703 | D:9      | 7703 ||| INVOKING Brothers in Arms.
  7705 | D:9      | 7705 ||| SWAPPING to +0 flail.
  7706 | D:9      | 7706 ||| INVOKING Berserk.
  7708 | D:9      | Killed a seven-headed hydra
  7709 | D:9      | Reached skill level 11 in Axes
  7713 | D:9      | 7713 ||| SWAPPING to +2 hand axe.
  8007 | D:9      | Noticed Joseph
  8012 | D:9      | HP: 7/53 [acid (13)]
  8013 | D:9      | 8013 ||| INVOKING Berserk.
  8017 | D:9      | HP: 13/79 [Joseph (1)]
  8019 | D:9      | Killed Joseph
  8020 | D:9      | Reached XP level 11. HP: 17/58 MP: 12/12
  8105 | D:9      | 8105 ||| READING scroll labelled IRCHOC ROOCVI.
  8106 | D:9      | 8106 ||| READING 4 scrolls of identify.
  8106 | D:9      | 8106 ||| IDENTIFYING golden potion
  8126 | D:10     | Entered Level 10 of the Dungeon
  8164 | D:10     | 8164 ||| INVOKING Berserk.
  8267 | D:10     | Found Zitosiad's Magic Scroll Shoppe.
  8273 | D:10     | 8273 ||| INVOKING Berserk.
  8315 | D:10     | 8315 ||| BUYING scroll of enchant weapon (90 gold).
  8315 | D:10     | Bought a scroll of enchant weapon for 90 gold pieces
  8315 | D:10     | 8315 ||| BUYING scroll of identify (24 gold).
  8315 | D:10     | Bought a scroll of identify for 24 gold pieces
  8315 | D:10     | 8315 ||| BUYING scroll of identify (24 gold).
  8315 | D:10     | Bought a scroll of identify for 24 gold pieces
  8315 | D:10     | 8315 ||| BUYING scroll of identify (24 gold).
  8315 | D:10     | Bought a scroll of identify for 24 gold pieces
  8315 | D:10     | 8315 ||| BUYING scroll of identify (24 gold).
  8315 | D:10     | Bought a scroll of identify for 24 gold pieces
  8315 | D:10     | 8315 ||| BUYING scroll of identify (24 gold).
  8315 | D:10     | Bought a scroll of identify for 24 gold pieces
  8315 | D:10     | 8315 ||| BUYING scroll of teleportation (36 gold).
  8315 | D:10     | Bought a scroll of teleportation for 36 gold pieces
  8315 | D:10     | 8315 ||| READING scroll of enchant weapon.
  8315 | D:10     | 8315 ||| ENCHANTING +2 hand axe.
  8429 | D:10     | Noticed a two-headed ogre
  8433 | D:10     | 8433 ||| INVOKING Berserk.
  8437 | D:10     | Killed a two-headed ogre
  8537 | D:10     | 8537 ||| INVOKING Berserk.
  8768 | D:10     | Found a staircase to the Lair.
  8769 | D:10     | 8769 ||| INVOKING Berserk.
  8942 | D:10     | Found an ornate altar of the Wu Jian Council.
  8949 | D:10     | Found a bloodstained altar of Trog.
  8950 | D:10     | Found a hazy altar of Hepliaklqana.
  9022 | D:10     | 9022 ||| UPGRADING to +0 cloak.
  9032 | D:10     | 9032 ||| DROPPING -3 cloak of the Game of Life {Str+4}.
  9033 | D:10     | 9033 ||| UPGRADING to +0 pair of boots.
  9038 | D:10     | 9038 ||| DROPPING amulet of reflection.
  9039 | D:10     | 9039 ||| UPGRADING to +6 ring of dexterity.
  9040 | D:10     | 9040 ||| UPGRADING to ring of poison resistance.
  9042 | D:10     | 9042 ||| READING 8 scrolls of identify.
  9042 | D:10     | 9042 ||| IDENTIFYING blue potion
  9043 | D:10     | 9043 ||| DROPPING potion of ambrosia.
  9074 | Lair:1   | Entered Level 1 of the Lair of Beasts
  9075 | Lair:1   | 9075 ||| Entered L.
  9142 | Lair:1   | 9142 ||| DRINKING potion of cancellation.
  9213 | Lair:1   | You fall into a shaft and drop 1 floor!
  9214 | Lair:2   | 9214 ||| Shafted from Lair:1 to Lair:2.
  9233 | Lair:2   | 9233 ||| INVOKING Berserk.
  9242 | Lair:2   | Reached skill level 12 in Axes
  9314 | Lair:1   | 9314 ||| Successfully unshafted to Lair:1.
  9469 | Lair:1   | Reached skill level 6 in Armour
  9955 | Lair:1   | 9955 ||| READING 7 scrolls of identify.
  9955 | Lair:1   | 9955 ||| IDENTIFYING grey potion
  9996 | Lair:2   | Noticed an oklob plant
 10005 | Lair:2   | 10005 ||| STAIRDANCE
 10014 | Lair:1   | 10014 ||| READING scroll labelled IGYOT XIKA ETA.
 10014 | Lair:1   | Identified a scroll of acquirement
 10014 | Lair:1   | 10014 ||| ACQUIRING 754 gold pieces
 10014 | Lair:1   | Acquired 754 gold pieces
 10030 | Lair:2   | 10030 ||| STAIRDANCE
 10097 | Lair:2   | 10097 ||| INVOKING Brothers in Arms.
 10103 | Lair:2   | 10103 ||| INVOKING Berserk.
 10105 | Lair:2   | Killed an oklob plant
 10166 | Lair:2   | Noticed Fannar
 10174 | Lair:2   | 10174 ||| INVOKING Berserk.
 10181 | Lair:2   | Killed Fannar
 10261 | Lair:2   | Noticed an eight-headed hydra
 10261 | Lair:2   | 10261 ||| INVOKING Brothers in Arms.
 10267 | Lair:2   | 10267 ||| INVOKING Berserk.
 10272 | Lair:2   | Killed a 12-headed hydra
 10273 | Lair:2   | Reached XP level 12. HP: 64/64 MP: 9/13
 10327 | Lair:2   | Found a staircase to the Snake Pit.
 10360 | Lair:2   | 10360 ||| INVOKING Berserk.
 10390 | Lair:2   | 10390 ||| INVOKING Brothers in Arms.
 10522 | Lair:2   | Noticed Erica
 10523 | Lair:2   | 10523 ||| INVOKING Berserk.
 10528 | Lair:2   | Killed Erica
 10613 | Lair:2   | Noticed a catoblepas
 10614 | Lair:2   | 10614 ||| Stepping ~*~*~tactically~*~*~ (cloud).
 10617 | Lair:2   | 10617 ||| INVOKING Berserk.
 10630 | Lair:2   | Killed a catoblepas
 10826 | Lair:2   | Reached skill level 13 in Axes
 11026 | Lair:2   | 11026 ||| READING scroll labelled UGIM QIANO.
 11138 | Lair:3   | Noticed a catoblepas
 11141 | Lair:3   | 11141 ||| INVOKING Berserk.
 11148 | Lair:3   | Killed a catoblepas
 11280 | Lair:3   | 11280 ||| INVOKING Berserk.
 11281 | Lair:3   | Received a gift from Trog
 11320 | Lair:3   | 11320 ||| SWAPPING to +4 broad axe.
 11321 | Lair:3   | 11321 ||| DROPPING +3 hand axe.
 11440 | Lair:3   | Found a staircase to the Swamp.
 11576 | Lair:3   | Reached skill level 9 in Fighting
 11579 | Lair:3   | 11579 ||| INVOKING Berserk.
 11681 | Lair:3   | 11681 ||| DROPPING scarf of invisibility.
 11738 | Lair:3   | Noticed a boulder beetle
 11738 | Lair:3   | Noticed a death yak
 11744 | Lair:3   | 11744 ||| INVOKING Brothers in Arms.
 11745 | Lair:3   | 11745 ||| INVOKING Brothers in Arms.
 11746 | Lair:3   | 11746 ||| INVOKING Berserk.
 11749 | Lair:3   | Killed a death yak
 11752 | Lair:3   | Killed a boulder beetle
 11901 | Lair:3   | 11901 ||| READING scroll of acquirement.
 11901 | Lair:3   | 11901 ||| ACQUIRING +6 war axe of Boegrar {flame, +Rage
                  | rPois Int+2 Dex-3}
 11901 | Lair:3   | Acquired the +6 war axe of Boegrar {flame, +Rage rPois
                  | Int+2 Dex-3}
 11903 | Lair:3   | 11903 ||| DROPPING +0 flail.
 11929 | Lair:3   | Noticed a four-headed hydra
 11930 | Lair:3   | 11930 ||| INVOKING Brothers in Arms.
 11932 | Lair:3   | 11932 ||| SWAPPING to +6 war axe of Boegrar {flame, +Rage
                  | rPois Int+2 Dex-3}.
 11933 | Lair:3   | 11933 ||| REMOVING ring of poison resistance.
 11933 | Lair:3   | Killed a four-headed hydra
 12120 | Lair:3   | Reached XP level 13. HP: 45/70 MP: 7/14
 12456 | Lair:3   | 12456 ||| UPGRADING to +6 ring of dexterity.
 12457 | Lair:3   | 12457 ||| DROPPING ring of flight.
 12458 | Lair:3   | 12458 ||| READING scroll labelled ESTRED PETIKHLA.
 12488 | Lair:4   | 12488 ||| INVOKING Berserk.
 12498 | Lair:4   | 12498 ||| STAIRDANCE
 12655 | Lair:4   | Reached skill level 14 in Axes
 12785 | Lair:4   | 12785 ||| STAIRDANCE
 12845 | Lair:4   | 12845 ||| INVOKING Berserk.
 12873 | Lair:4   | HP: 14/70 [acid (12)]
 12877 | Lair:4   | HP: 3/70 [acid (9)]
 12879 | Lair:4   | Splashed by an oklob plant's acid

Levels and vault maps discovered:
D:1:      psy_arrival_dodecagon, layout_basic
D:2:      layout_basic, basic_altar, minmay_quadrilaterals, uniq_robin
D:3:      layout_loops_cross, chequers_ecumenical_altar_simple, minivault_23,
          fountainhead
D:4:      layout_cave_pools, serial_column_ruins, column_ruins_square_large,
          column_ruins_courtyard_long, column_ruins_columns_dead_end,
          column_ruins_corridor_water, column_ruins_open_tiny,
          column_ruins_columns_corner, column_ruins_grid_1,
          kennysheep_orc_chapel, uniq_pikel
D:5:      layout_layer_cave, general_overflow_altar
D:6:      layout_cave_pods, minmay_temple_entry_sparse_star,
          ebering_ghost_disaster_area, uniq_grinder
D:7:      layout_cave_pools, gammafunk_ghost_smash, minivault_25,
          nicolae_shop_gadgets
D:8:      layout_loops_cross, serial_shops, nicolae_diamond_shop,
          grunt_ministairs_14
D:9:      layout_basic, serial_ice, serial_ice_c, serial_ice_m, serial_ice_l,
          serial_ice_a, uniq_harold, uniq_joseph
D:10:     layout_irregular_city, minitemple, grunt_lair_entry_orc_guard_hut,
          serial_shops, shop_statue, nicolae_zen_rock_garden
Lair:1:   layout_roguey, serial_bayou_shore_b, lemuel_fruit_tree
Lair:2:   layout_hall_layers, minmay_snake_entry_guardpost_small,
          beast_lair_carwin_6, uniq_fannar, uniq_erica
Lair:3:   layout_cave_pods, skrybe_swamp_entry_bodies, minmay_shattered_shrine
Lair:4:   layout_regular_city, wad_woods_road_06, minmay_lair_oklob_bushes,
          serial_bayou_shore_a

Skill      XL: |  1  2  3  4  5  6  7  8  9 10 11 12 13 |
---------------+----------------------------------------+-----
Axes           | 3 4 5 6 8 9 11 12 13 14 | 14.0
Evocations     | 1 2 3 4 |  4.7
Armour         | 2 3 4 6 7 |  7.2
Fighting       | 3 4 5 7 8 9 |  9.1
Shields        | 4 |  4.1
Dodging        | 3 4 5 |  5.3

Action                   |  1- 3 |  4- 6 |  7- 9 | 10-12 | 13-15 || total
-------------------------+-------+-------+-------+-------+-------++-------
Melee: Hand axe          |    62 |   141 |   332 |   353 |       ||   888
       Bite              |    15 |    49 |   133 |   224 |    21 ||   442
       Flail             |       |       |       |     2 |       ||     2
       Broad axe         |       |       |       |    51 |       ||    51
       War axe           |       |       |       |    13 |    52 ||    65
Invok: Berserk           |     2 |     3 |     7 |    22 |     2 ||    36
       Trog's Hand       |       |       |     1 |       |       ||     1
       Brothers in Arms  |       |       |       |     6 |       ||     6
  Use: Scroll            |     1 |     5 |     7 |    13 |     1 ||    27
       Potion            |     1 |     1 |       |     1 |       ||     3
 Stab: Distracted        |       |       |       |     1 |       ||     1
Armor: Animal skin       |     5 |     4 |       |       |       ||     9
       Ring mail         |       |    18 |       |       |       ||    18
       Plate armour      |       |    27 |   144 |   152 |    16 ||   339
Dodge: Dodged            |    38 |    46 |   103 |   101 |    17 ||   305
Block: Buckler           |       |       |    43 |    81 |    12 ||   136

Table legend:
 A = Non-vault XP
 B = Vault XP
 C = Vault XP percentage of total XP
 D = Non-vault monster count
 E = Vault monster count
 F = Vault count percentage of total count
                 A         B        C        D         E       F
            +---------+---------+-------+---------+---------+-------
      Total |   23907 |   11923 |  33.3 |     254 |      65 |  20.4
            +---------+---------+-------+---------+---------+-------
        D:1 |      20 |       0 |   0.0 |      12 |       0 |   0.0
        D:2 |      65 |      41 |  38.7 |      18 |      15 |  45.5
        D:3 |     106 |       0 |   0.0 |      23 |       0 |   0.0
        D:4 |     414 |     753 |  64.5 |      27 |       5 |  15.6
        D:5 |     439 |       0 |   0.0 |      14 |       0 |   0.0
        D:6 |     840 |     254 |  23.2 |      24 |       1 |   4.0
        D:7 |    1077 |       0 |   0.0 |      34 |       0 |   0.0
        D:8 |    1069 |     291 |  21.4 |      15 |       8 |  34.8
        D:9 |    1998 |    1937 |  49.2 |       5 |       9 |  64.3
       D:10 |    2420 |     865 |  26.3 |      10 |       6 |  37.5
     Lair:1 |    2525 |       0 |   0.0 |      15 |       0 |   0.0
     Lair:2 |    3990 |    3460 |  46.4 |      19 |      12 |  38.7
     Lair:3 |    5831 |    4322 |  42.6 |      25 |       9 |  26.5
     Lair:4 |    3113 |       0 |   0.0 |      13 |       0 |   0.0
            +---------+---------+-------+---------+---------+-------
